 Dungeon Crawl Stone Soup version 0.25-a0-589-g1e14c549ee (webtiles) character file.

Game seed: 16014679943394779135, levelgen mode: deterministic

75 Forecaster the Magician (level 4, -2/36 HPs)
             Began as a Naga Wizard on Mar 10, 2020.
             Was an Initiate of Sif Muna.
             Slain by a hippogriff (7 damage)
             ... on level 3 of the Dungeon.
             The game lasted 00:09:38 (1809 turns).

Forecaster the Magician (Naga Wizard)               Turns: 1809, Time: 00:09:39

Health: -2/36      AC:  3    Str: 11    XL:     4   Next: 31%
Magic:  1/10       EV: 10    Int: 18    God:    Sif Muna [......]
Gold:   182        SH:  0    Dex:  9    Spells: 6/11 levels left

rFire    . . .     SeeInvis +   g - +0 dagger
rCold    . . .     Gourm    .   (no shield)
rNeg     . . .     Faith    .   h - +0 robe
rPois    +         Spirit   .   b - +0 hat
rElec    .         Reflect  .   (no cloak)
rCorr    .         Harm     .   c - +0 pair of gloves
MR       .....                  (no barding)
Stlth    ++........             (no amulet)
HPRegen  0.12/turn              (no ring)
MPRegen  0.12/turn              (no ring)

@: very slow
A: large, see invisible, deformed body, poison resistance, slowness 2, slow
metabolism 1, spit poison 1, AC +1
a: Spit Poison, Renounce Religion


You were on level 3 of the Dungeon.
You worshipped Sif Muna.
Sif Muna was noncommittal.
You were not hungry.

You visited 1 branch of the dungeon, and saw 3 of its levels.

You collected 182 gold pieces.

Inventory:

Hand Weapons
 f - a +0 club
 g - a +0 dagger (weapon)
 l - a +0 hunting sling
Missiles
 j - 108 stones (quivered)
 k - 22 arrows
 v - 25 bolts
Armour
 a - a +0 robe
 b - a +0 hat (worn)
 c - a +0 pair of gloves (worn)
 h - a +0 robe (worn)
 s - a +0 robe
Scrolls
 e - a scroll of fear {unknown}
 i - 3 scrolls of teleportation {unknown}
 m - 4 scrolls of identify {unknown}
 o - a scroll of blinking {unknown}
 p - a scroll of enchant weapon {unknown}
 t - 2 scrolls of remove curse {unknown}
 u - a scroll of amnesia {unknown}
Potions
 n - a potion of invisibility {unknown}
 q - a potion of curing {unknown}
 r - a potion of lignification {unknown}
Comestibles
 d - 8 rations
 w - 3 chunks of flesh


   Skills:
 + Level 0.1 Fighting
 + Level 0.9 Short Blades
 + Level 1.7 Dodging
 + Level 3.5 Stealth
 + Level 0.4 Unarmed Combat
 + Level 4.1 Spellcasting
 + Level 1.2 Conjurations
 + Level 1.1 Summonings
 + Level 1.0 Translocations


You had 6 spell levels left.
You knew the following spells:

 Your Spells              Type           Power        Failure   Level  Hunger
a - Magic Dart            Conj           #...         9%          1    None
b - Call Imp              Summ           #.......     14%         2    ##.....
c - Blink                 Tloc           N/A          14%         2    ##.....

Your spell library contained the following spells:

 Spells                   Type           Power        Failure   Level  Hunger
 Slow                     Hex            #.......     22%         2    ##.....
 Conjure Flame            Conj/Fire      #.......     32%         3    ###....
 Mephitic Cloud           Conj/Pois/Air  #.......     36%         3    ###....


Dungeon Overview and Level Annotations

Branches:
Dungeon (3/15)

Altars:
Dithmenos
Sif Muna
Uskayaw
Xom
Zin
The Shining One


Innate Abilities, Weirdness & Mutations

You cannot wear boots.
Your serpentine skin is tough. (AC +1)
You have supernaturally acute eyesight. (SInv)
Armour fits poorly on your strangely shaped body.
Your system is resistant to poisons. (rPois)
You cover ground very slowly.
You have a slow metabolism.
You can spit poison.


Message History

The hippogriff bites you but does no damage.
The hippogriff pecks you but does no damage.
The hippogriff misses you.
You hit the hippogriff.
The hippogriff is heavily wounded.
The hippogriff completely misses you. The hippogriff pecks you.
The hippogriff barely misses you.
Casting: Call Imp (safe; 14% risk of failure)
Confirm with . or Enter, or press ? or * to list all spells.
A beastly little devil appears in a puff of flame.
The hippogriff bites you.
* * * LOW HITPOINT WARNING * * *
The hippogriff pecks you.
* * * LOW HITPOINT WARNING * * *
The hippogriff claws you.
* * * LOW HITPOINT WARNING * * *
Your crimson imp disappears in a puff of smoke!
Your crimson imp blinks!
The hippogriff bites you!
You die...

#. #.# #. #.# #.
#.# #
####.##.#####..
#..............
#.# #.......# ##.#
#.#..##.#
#..###.#..##.##.#
#.H@...#.÷†......
#.##.#>#.########
#....#.#.####
###.§###.#....####
#........#.......#
#.##.#5###.......#
#.##.#.# #.......#
#.##.# # #....<..#
#.##.#.# #.......#


You could see a hippogriff.

Vanquished Creatures
  2 adders (D:2)
  2 oozes (D:1)
  A dart slug (D:1)
  3 leopard geckos
  4 bats
  7 goblins (D:2)
  6 hobgoblins
  A jackal (D:1)
  A frilled lizard (D:2)
  5 kobolds
  9 rats
41 creatures vanquished.

Vanquished Creatures (collateral kills)
  A worm (D:2)
  A giant cockroach (D:2)
  3 hobgoblins
  A kobold (D:2)
6 creatures vanquished.

Grand Total: 47 creatures vanquished

Notes
Turn   | Place    | Note
-------+----------+-------------------------------------------
     0 | D:1      | Forecaster the Naga Wizard began the quest for the Orb.
     0 | D:1      | Reached XP level 1. HP: 15/15 MP: 4/4
    55 | D:1      | Reached XP level 2. HP: 15/22 MP: 0/6
    59 | D:1      | Learned a level 2 spell: Call Imp
    62 | D:1      | Learned a level 2 spell: Blink
   727 | D:1      | Reached XP level 3. HP: 28/28 MP: 8/8
  1102 | D:2      | Found a faded altar of an unknown god.
  1142 | D:2      | Became a worshipper of Uskayaw the Reveler
  1142 | D:2      | Reached * piety under Uskayaw
  1269 | D:2      | Reached skill level 4 in Spellcasting
  1272 | D:2      | Reached ** piety under Uskayaw
  1274 | D:2      | Found a shimmering blue altar of Sif Muna.
  1295 | D:2      | Fell from the grace of Uskayaw
  1295 | D:2      | Became a worshipper of Sif Muna the Loreminder
  1318 | D:2      | Found a shimmering altar of Xom.
  1318 | D:2      | Found a glowing golden altar of the Shining One.
  1337 | D:2      | Reached XP level 4. HP: 32/36 MP: 2/10
  1471 | D:2      | Found a shadowy altar of Dithmenos.
  1640 | D:2      | Found a glowing silver altar of Zin.
  1785 | D:3      | Noticed a hippogriff
  1809 | D:3      | Slain by a hippogriff

Levels and vault maps discovered:
D:1:      giann_horns, layout_basic, minmay_tripent
D:2:      layout_basic, gammafunk_temple_overflow_wave,
          nicolae_overflow_hidden_temple, old_standard_altar,
          grunt_dithmenos_smoke_and_mirrors, chequers_ecumenical_altar_simple,
          fountainhead, minmay_octomino_j4
D:3:      layout_loops_cross

Skill      XL: |  1  2  3 |
---------------+----------+-----
Spellcasting   | 4 |  4.1
Fighting       | |  0.1
Short Blades   | |  0.9
Dodging        | |  1.7
Stealth        | |  3.5
Unarmed Combat | |  0.4
Conjurations   | |  1.2
Summonings     | |  1.1
Translocations | |  1.0

Action                   |  1- 3 |  4- 6 || total
-------------------------+-------+-------++-------
Melee: Unarmed           |    11 |       ||    11
       Dagger            |    44 |    12 ||    56
 Cast: Magic Dart        |    56 |    16 ||    72
       Call Imp          |     7 |     7 ||    14
 Stab: Sleeping          |     3 |       ||     3
       Distracted        |     1 |       ||     1
  Eat: Chunk             |     1 |     1 ||     2
Armor: Robe              |    18 |     4 ||    22
Dodge: Dodged            |    29 |    10 ||    39

Table legend:
 A = Non-vault XP
 B = Vault XP
 C = Vault XP percentage of total XP
 D = Non-vault monster count
 E = Vault monster count
 F = Vault count percentage of total count
                 A         B        C        D         E       F
            +---------+---------+-------+---------+---------+-------
      Total |      99 |       9 |   8.3 |      42 |       5 |  10.6
            +---------+---------+-------+---------+---------+-------
        D:1 |      35 |       3 |   7.9 |      14 |       2 |  12.5
        D:2 |      62 |       6 |   8.8 |      26 |       3 |  10.3
        D:3 |       2 |       0 |   0.0 |       2 |       0 |   0.0
            +---------+---------+-------+---------+---------+-------
